cohdb
Replays
Latest Replays
All Replays
Popular Replays
Top Player Replays
Match Explorer
How It Works
Community
CoH3 Stats
Reddit
Sign in to upload your games and track your stats! →
Sign in with Steam
Match 25339931
Unlisted
Match 25339931
Overview
Messages
Build Orders
End
Construct Barracks
Riflemen Squad
Riflemen Squad
Riflemen Squad
Grenade Package
Infantry Support Center
Construct Weapon Support Center
Selects Armored Battlegroup
Selects Veteran Crews
Selects Fast Deploy
Selects M31 Recovery Vehicle
M3 Armored Personnel Carrier
Construct Motor Pool
M8 Greyhound Armored Car
Selects War Machine
M1 Anti-tank Gun Team
Riflemen Squad
Advanced Logistics
M1918 Browning Automatic Rifles
M31 Recovery Vehicle
YangXYZ
Squeegeez
hoon0783
UnbreakableFr
Überlort
Lamri22uk
PrepYew
NoMAD
0
0
Comments
sign in to comment!
No comments posted yet!